Cogmind - Beta 11 @@@ ROGUE MODE // 2022.03.23 @ 15:33:38 Player: Michael Result: Self-destructed Performance ------------- Evolutions (0) 0 Regions Visited (4) 800 Robots Destroyed (16) 80 Value Destroyed (286) 286 Prototype IDs (0) 0 Alien Tech Used (0) 0 Bonus (14) 14 TOTAL SCORE: 1180 Bonus ------- Follower Combat Kills 14 Cogmind --------- Core Integrity 1/250 Matter 280/300 Energy 100/100 System Corruption 0% Temperature Cool (0) Movement Rolling (95) Ox1 Location -9/Mines Parts ------- > --- POWER (1) -------- (None) > --- PROPULSION (2) --- Wheel > --- UTILITY (2) ------ Large Storage Unit > --- WEAPON (2) ------- (None) > --- INVENTORY (15) --- Improved Ion Engine Light Nuclear Core Light Nuclear Core Light Treads Improved Heat Sink Large Storage Unit High-capacity Storage Unit High-capacity Matter Pod (200) High-capacity Matter Pod (95) Improved Terrain Scanner Assault Rifle Assault Rifle Light Assault Rifle Peak State ------------ > --- POWER ------------ Light Nuclear Core > --- PROPULSION ------- Wheel Wheel > --- UTILITY ---------- Large Storage Unit Visual Processing Unit > --- WEAPON ----------- Assault Rifle Light Assault Rifle > --- INVENTORY -------- Improved Ion Engine Improved Ion Engine Light Nuclear Core Light Treads Light Treads Wheel Wheel Large Storage Unit High-capacity Matter Pod High-capacity Matter Pod Improved Terrain Scanner Assault Rifle Light Assault Rifle Light Assault Rifle Light Assault Rifle [Rating: 12] Favorites ----------- Power Improved Ion Engine Engine Improved Ion Engine Power Core Light Nuclear Core Propulsion Wheel Treads Light Treads Leg Aluminum Leg Wheel Wheel Utility Visual Processing Unit Device Tractor Beam Storage Large Storage Unit Processor Visual Processing Unit Weapon Light Assault Rifle Ballistic Gun Light Assault Rifle Build | -11 -10 -10 -10 -9 ------- Run | Scr Mat Min Exi Min Slots Evolved . | . . . . . Power . | . . . . . Propulsion . | . . . . . Utility . | . . . . . Weapon . | . . . . . Parts Attached 36 | 5 19 6 . 6 Power 6 | 1 3 1 . 1 Engine 4 | 1 2 . . 1 Core 2 | . 1 1 . . Reactor . | . . . . . Propulsion 18 | 2 8 4 . 4 Treads 6 | . 4 2 . . Leg 3 | 2 1 . . . Wheel 9 | . 3 2 . 4 Hover . | . . . . . Flight . | . . . . . Utility 4 | 1 3 . . . Device 1 | . 1 . . . Storage 2 | 1 1 . . . Processor 1 | . 1 . . . Hackware . | . . . . . Protection . | . . . . . Artifact . | . . . . . Weapon 8 | 1 5 1 . 1 Energy Gun . | . . . . . Energy Cannon . | . . . . . Ballistic Gun 8 | 1 5 1 . 1 Ballistic Cannon . | . . . . . Launcher . | . . . . . Special Weapon . | . . . . . Impact Weapon . | . . . . . Slashing Weapon . | . . . . . Piercing Weapon . | . . . . . Special Melee Weapon . | . . . . . Unidentified Prototypes . | . . . . . Parts Lost 9 | . 1 . . 8 Power 2 | . 1 . . 1 Propulsion 4 | . . . . 4 Utility 1 | . . . . 1 Weapon 2 | . . . . 2 Highest Loss Streak 8 | . 1 . . 8 To Critical Strikes . | . . . . . Average Slot Usage (%) 96 | . 94 100 100 92 Engine 8 | . 11 11 . 3 Core 5 | . . 2 14 9 Treads 2 | . 5 1 . . Leg 2 | . 7 . . . Wheel 23 | . 15 26 28 26 Device 1 | . 4 . . . Storage 14 | . 14 14 14 14 Processor 11 | . 7 14 14 12 Ballistic Gun 26 | . 26 28 28 25 Naked Turns . | . . . . . Heaviest Build 30 | 12 30 30 28 30 Greatest Support 40 | 20 40 20 20 20 Greatest Overweight (x) 2 | . 1 1 1 2 Average Overweight (x) . | . . 1 1 1 Largest Inventory Capacity 15 | 8 15 15 15 15 Average Capacity 13 | 7 10 15 15 15 Most Carried 15 | 3 14 15 15 15 Average Carried 11 | 1 8 14 14 14 Final Capacity 15 | 8 15 15 15 15 Final Carried 15 | 3 14 15 15 13 Class Distribution -------------------- 100% | Mutant Dominant Class ---------------- Mutant | -10/Materials Mutant | -10/Mines Mutant | -10/Exiles Mutant | -9/Mines Resources | -11 -10 -10 -10 -9 ----------- Run | Scr Mat Min Exi Min Matter Collected 918 | 217 364 304 . 33 Remotely 104 | . 104 . . . Salvage Created 492 | . 326 166 . . Parts 40 | . 21 19 . . Haulers Intercepted . | . . . . . Recyclers Shooed 4 | . 4 . . . Parts Field Recycled . | . . . . . Retrieved Matter . | . . . . . Parts Self-Destructed . | . . . . . Prevented . | . . . . . Kills | -11 -10 -10 -10 -9 ------- Run | Scr Mat Min Exi Min Combat Hostiles Destroyed 12 | . 6 6 . . Guns 12 | . 6 6 . . Classes Destroyed 5 | . 4 1 . . Worker 1 | . 1 . . . Tunneler 1 | . . 1 . . Recycler 2 | . 2 . . . Swarmer 7 | . 3 4 . . Grunt 5 | . 3 2 . . Best Kill Streak 3 | . 3 3 . . Combat Bots Only 3 | . 3 3 . . Max Kills in Single Turn 1 | . 1 1 . . Gunslinging . | . . . . . Exploded . | . . . . . Melee . | . . . . . Uniques/NPCs Destroyed . | . . . . . Combat | -11 -10 -10 -10 -9 -------- Run | Scr Mat Min Exi Min Damage Taken 1269 | . 523 102 . 644 Core 249 | . 126 . . 123 Absorbed by Shields . | . . . . . Core Remaining (%) 100 | 100 . . . . Volleys Fired 48 | . 38 10 . . Largest 2 | . 2 2 . . Hottest 40 | . 40 40 . . Shots Fired 84 | . 64 20 . . Gun 84 | . 64 20 . . Cannon . | . . . . . Launcher . | . . . . . Special . | . . . . . Kinetic 84 | . 64 20 . . Thermal . | . . . . . Explosive . | . . . . . Electromagnetic . | . . . . . Robot Hit Streak 10 | . 10 6 . . Robot Miss Streak 5 | . 5 1 . . Penetration Max . | . . . . . Secondary Targets 2 | . 2 . . . Max Gunslinging Chain 1 | . 1 . . . Shots Hit Robots 58 | . 45 13 . . Core Hits 27 | . 19 8 . . Critical Kills 1 | . 1 . . . Critical Parts Destroyed . | . . . . . Critical Strikes 1 | . 1 . . . Destroy 1 | . 1 . . . Melee Attacks . | . . . . . Impact . | . . . . . Slashing . | . . . . . Piercing . | . . . . . Sneak Attacks . | . . . . . Combat Hostiles . | . . . . . Follow-up Attacks . | . . . . . Damage Inflicted 562 | . 411 151 . . Guns 562 | . 411 151 . . Cannons . | . . . . . Explosions . | . . . . . Melee . | . . . . . Ramming . | . . . . . Kinetic 562 | . 411 151 . . Thermal . | . . . . . Explosive . | . . . . . Electromagnetic . | . . . . . Impact . | . . . . . Slashing . | . . . . . Piercing . | . . . . . Highest Corruption . | . . . . . Average Corruption . | . . . . . Corruption Purged . | . . . . . Corruption Blocked . | . . . . . Overload Shots . | . . . . . Overflow Damage . | . . . . . Projectiles . | . . . . . Explosions . | . . . . . Melee . | . . . . . Knockbacks . | . . . . . Impact . | . . . . . Kinetic . | . . . . . Secondary . | . . . . . Self-Inflicted Damage . | . . . . . Shots . | . . . . . Rammed . | . . . . . Targets Rammed . | . . . . . Kicked . | . . . . . Crushed . | . . . . . Highest Temperature 67 | . 67 11 . 1 Average Temperature 21 | . 31 3 . 1 Received Heat Transfer 342 | . 240 42 . 60 Siege Activations . | . . . . . Robots Corrupted . | . . . . . Combat Hostiles . | . . . . . Parts Fried . | . . . . . Impact Corruptions . | . . . . . Robots Melted . | . . . . . Combat Hostiles . | . . . . . Parts Melted . | . . . . . Heat Transferred . | . . . . . Parts Sabotaged . | . . . . . Parts Stolen . | . . . . . Parts Stripped . | . . . . . Power Chain Reactions . | . . . . . Missiles Intercepted . | . . . . . Alert | -11 -10 -10 -10 -9 ------- Run | Scr Mat Min Exi Min Peak Influence 179 | . 179 178 . 15 Initial . | . . . . . Average 62 | . 117 45 . . Maximum Alert Level . | . . . . . Low Security (%) 100 | 100 100 100 . 100 Level 1 . | . . . . . Level 2 . | . . . . . Level 3 . | . . . . . Level 4 . | . . . . . Level 5 . | . . . . . High Security . | . . . . . Max Security . | . . . . . Squads Dispatched . | . . . . . Investigation . | . . . . . Extermination . | . . . . . Reinforcement . | . . . . . Assault . | . . . . . Garrison . | . . . . . Intercept . | . . . . . Searches Triggered . | . . . . . Construction Impeded . | . . . . . Haulers Reinforced . | . . . . . Active Scanning Responses . | . . . . . Cargo Convoy Interrupts . | . . . . . Stealth | -11 -10 -10 -10 -9 --------- Run | Scr Mat Min Exi Min Distress Signals 4 | . 2 . . 2 Communications Jammed . | . . . . . Distress Signals . | . . . . . Times Spotted 33 | . 8 6 . 19 Peak Tracking Total 16 | . 3 3 . 16 Tactical Retreats 3 | . 1 . . 2 Traps | -11 -10 -10 -10 -9 ------- Run | Scr Mat Min Exi Min Traps Triggered . | . . . . . Indirectly . | . . . . . Trap Hack Attempts . | . . . . . Triggered . | . . . . . Disarmed . | . . . . . Reprogrammed . | . . . . . Reused . | . . . . . Traps Extracted . | . . . . . Installed . | . . . . . Triggered . | . . . . . Machines | -11 -10 -10 -10 -9 ---------- Run | Scr Mat Min Exi Min Machines Disabled . | . . . . . Max in Single Turn . | . . . . . Machines Sabotaged . | . . . . . Garrisons Compromised . | . . . . . Overloaded Fab Kills . | . . . . . Hacking | -11 -10 -10 -10 -9 --------- Run | Scr Mat Min Exi Min Machines Accessed 4 | . 3 . 1 . Terminals 2 | . 2 . . . Fabricators . | . . . . . Repair Stations . | . . . . . Recycling Units 1 | . 1 . . . Scanalyzers . | . . . . . Garrison Access . | . . . . . Total Hacks 5 | . 4 . 1 . Successful 3 | . 2 . 1 . Failed 2 | . 2 . . . Catastrophic . | . . . . . Database Lockouts . | . . . . . Manual . | . . . . . Terminals 3 | . 3 . . . Fabricators . | . . . . . Repair Stations . | . . . . . Recycling Units 1 | . 1 . . . Scanalyzers . | . . . . . Garrison Access . | . . . . . Terminal Hacks 2 | . 1 . 1 . Record 1 | . . . 1 . Locate Traps 1 | . 1 . . . Fabricator Hacks . | . . . . . Repair Station Hacks . | . . . . . Recycling Unit Hacks 1 | . 1 . . . Retrieve Components 1 | . 1 . . . Scanalyzer . | . . . . . Garrison Access Hacks . | . . . . . Unauthorized Hacks . | . . . . . Terminals . | . . . . . Fabricators . | . . . . . Repair Stations . | . . . . . Recycling Units . | . . . . . Scanalyzers . | . . . . . Garrison Access . | . . . . . Data Cores Recovered . | . . . . . Used . | . . . . . Hacking Detections 2 | . 2 . . . Full Trace Events . | . . . . . Feedback Events . | . . . . . Feedback Blocked . | . . . . . Robot Schematics Acquired . | . . . . . Robots Built . | . . . . . Authchips . | . . . . . Time . | . . . . . Total Robot Build Rating . | . . . . . Part Schematics Acquired . | . . . . . Parts Built . | . . . . . Authchips . | . . . . . Time . | . . . . . Total Part Build Rating . | . . . . . Parts Repaired . | . . . . . Time . | . . . . . Parts Recycled . | . . . . . Recycled Matter . | . . . . . Retrieved Matter . | . . . . . Retrieved Components 9 | . 9 . . . Parts Scanalyzed . | . . . . . Part Schematics Acquired . | . . . . . Parts Damaged . | . . . . . Bothacking | -11 -10 -10 -10 -9 ------------ Run | Scr Mat Min Exi Min Used RIF Installer . | . . . . . Robots Hacked . | . . . . . Non-combat . | . . . . . Combat . | . . . . . Robot Hacks Applied . | . . . . . Relay Couplers Released . | . . . . . Fabnet Peak Effective % . | . . . . . Robots Rewired 3 | . . . 3 . Allies Hacked . | . . . . . Hacks Repelled . | . . . . . Allies | -11 -10 -10 -10 -9 -------- Run | Scr Mat Min Exi Min Total Allies 5 | . . 2 3 . Largest Group 3 | . . 2 3 3 Highest-Rated Group 45 | . . 45 37 37 Highest-Rated Ally 31 | . . 31 21 21 Total Orders . | . . . . . Ally Attacks 16 | . . 10 . 6 Total Damage 142 | . . 105 . 37 Kills 2 | . . 2 . . Allies Corrupted . | . . . . . Allies Melted . | . . . . . Intel | -11 -10 -10 -10 -9 ------- Run | Scr Mat Min Exi Min Robot Analysis Total . | . . . . . Derelict Logs Recovered 2 | . . . . 2 Drone Launches . | . . . . . Drone Recoveries . | . . . . . Exploration | -11 -10 -10 -10 -9 ------------- Run | Scr Mat Min Exi Min Turns Passed 1304 | 57 431 397 196 223 Spaces Moved 1006 | 37 275 295 178 221 Core 5 | 5 . . . . Treads 2 | . 2 . . . Legs 93 | 32 61 . . . Wheels 906 | . 212 295 178 221 Hover . | . . . . . Flight . | . . . . . Fastest Speed 50 | 50 80 95 95 95 Average Speed 96 | 110 98 95 95 95 Slowest Speed 160 | 120 160 95 95 110 Overloaded Moves . | . . . . . Propulsion Burnouts . | . . . . . Robots Hopped . | . . . . . Cave-ins Triggered . | . . . . . Exploration Rate (%) 41 | 3 50 51 58 45 Regions Visited 4 Branch Regions 3 Pre-discovered Areas 2 | . . . 1 1 Known Exits Taken . | . . . . . Unknown Exits Taken 4 | 1 1 1 1 . Scrap Searched 2 | . . 1 . 1 Spaces Dug . | . . . . . Terrain Destroyed . | . . . . . Melee . | . . . . . Projectile . | . . . . . AOE . | . . . . . Terrain Rammed . | . . . . . Walls Destroyed . | . . . . . Machines Disabled . | . . . . . Actions | -11 -10 -10 -10 -9 --------- Run | Scr Mat Min Exi Min Total 1257 | 50 375 395 205 232 Wait 114 | 6 29 74 1 4 Move 1002 | 36 274 294 177 221 Hop . | . . . . . Pick Up 18 | 3 9 5 1 . Fast Attach 13 | 5 6 1 . 1 Attach 2 | . . . . 2 Detach 2 | . 2 . . . Swap 21 | . 13 5 . 3 Drop 12 | . 4 6 1 1 Fire 48 | . 38 10 . . Melee . | . . . . . Ram . | . . . . . Kick . | . . . . . Crush . | . . . . . Escape Stasis . | . . . . . Rewire 25 | . . . 25 . Trap . | . . . . . Miscellaneous . | . . . . . Route ------- -11/Scrapyard -10/Materials (discovered 2 exits: [*Mat] / [*Min]) -10/Mines (discovered 3 exits: [*Mat x2] / *Exi) -10/Exiles (discovered 2 exits: [*Min x2]) -9/Mines History --------- Turn | Location | Event 33 | -11/Scrapyard | Discovered new exit (range 15) 58 | -11/Scrapyard | Entered Materials 223 | -10/Materials | Core integrity fell below 50% 384 | -10/Materials | Build established: Mutant 399 | -10/Materials | Discovered new exit (range 11) 428 | -10/Materials | Discovered new exit (range 14) 489 | -10/Materials | Entered Mines 501 | -10/Mines | Met a Derelict bent on vengeance 788 | -10/Mines | Discovered new exit (range 13) 844 | -10/Mines | Discovered new exit (range 5) 883 | -10/Mines | Deemed a non-threat by the Exiles lab entrance 883 | -10/Mines | Discovered new exit (range 5) 886 | -10/Mines | Entered Exiles 886 | -10/Exiles | Found Exiles lab destroyed 899 | -10/Exiles | Discovered new exit (range 16) 1021 | -10/Exiles | Learned location of Zion (-6) 1070 | -10/Exiles | Discovered new exit (range 12) 1082 | -10/Exiles | Entered Mines 1082 | -9/Mines | Accompanied by 3 allies 1175 | -9/Mines | Learned 4 Materials zone layouts 1223 | -9/Mines | Assembled infested the area 1251 | -9/Mines | Learned location of Storage (-8) 1273 | -9/Mines | Core integrity fell below 20% 1305 | -9/Mines | Self-destructed Last Messages --------------- 01266_ as-69618 sneak attacks. 01266_ K-01 Serf destroyed. 01269_ as-69618 sneak attacks. 01269_ T-07 Excavator destroyed. 01270_ Dropped Wheel. 01271_ K-01 Serf collects debris. 01271_ K-01 Serf destroyed. 01272_ Wheel destroyed. 01274_ Visual Processing Unit destroyed. 01275_ as-69618 destroyed. 01276_ Lgt. Assault Rifle destroyed. 01277_ Wheel destroyed. 01277_ Acquired Wheel. 01279_ Wheel destroyed. 01279_ S-10 Pest destroyed. 01281_ Imp. Ion Engine destroyed. 01288_ S-10 Pest destroyed. 01288_ Wheel destroyed. 01292_ Lgt. Assault Rifle destroyed. 01303_ K-01 Serf cleans the Laser Drill. Map ----- +----------------------------------------------------+ | | | ?????????????????????????????????????????????????? | | ?????????????????????????????????????????????????? | | ?????????????????????????????????????????????????? | | ?????????????????????????????????????????????????? | | ?????????????????????????????????????????????????? | | ?????????????????????????????????????????????????? | | ?????????????????????????????????????????????????? | | ?????????????????????????????????????????????????? | | ?????????????????????????????????????????????????? | | ?????????????????????????????????????????????????? | | ?????????????????????????????????????????????????? | | ?????????????????????????????????????????????????? | | ?????????????????????????????????????????????????? | | ????????????????###??????????????????????????????? | | ????????????????# ?????##########???????????????? | | ????????????????# #?????# #???????????????? | | ????????????????# #?????# """ #???????????????? | | ????????????????# #?????# """ #???????????????? | | ????###?????????# #?????# """ #???????????????? | | ????# #### ####### #???????????????? | | ??### a """ #???????????????? | | ??? ## ## ######## """ #???????????????? | | ????# #???????# #??????# """ #???????????????? | | ????# ###?????# #??????# #???????????????? | | ????# ####### #??????#@ """ #?????##????????? | | ????# #??????# """ #?????# #???????? | | ????# % ########??????# k""" #?????? ##?????? | | ????# ! #?????????????# #??????# #?????? | | ????# % ##?????????????# #??????# #?????? | | ????# *%##??????????????##########??????# #?????? | | ????#=*%#???????????????????????????????# ######? | | ????# %=#???????????????????????????????# #? | | ????# ##??????????????????????????????###### #? | | ????# =##??????????????????????????????????# #? | | ????# !% ######??????#######????????????????# ## | | ????# ##????## ###??????????????# | | ????# """ #????# ##?????????????# | | ????#!% """ ##??## #??##?????????##### | | ##### """ #### ???## ##????????#### | | ## #??????# ########## | | = #????????# | | %= ##???????# | | !## ##??????# ####### | | # ## ## ## ##?????# #?????#### | | ##### ### ####### #?????## #????????# | | ????## #?# #?????# #?????## #????????? | | ?????## ##?# #?????## ##????## ##????????? | | ??????####??# #?????## ######## ##??????#### | | ???????????? #?????# * ##???????# | +----------------------------------------------------+ Best States ------------- Heat Dissipation 25 Energy Generation 14 Energy Capacity 265 Matter Stores 300 Matter Capacity 300 Sight Range 18 Terrain Scan Density 10 Evasion (%) 55 Recoil Reduction 2 Item Schematics ----------------- None Robot Schematics ------------------ None Fabricated ------------ Nothing Alien Tech Used ----------------- None Achievements -------------- None Challenges ------------ None Game ------ Seed EnergyCoilCoupler Manual? 1 Play Time 00:20:15 Cumulative 633.7 hours Start 2022.03.21 @ 21:32:46 End 2022.03.23 @ 15:33:38 Sessions 6 Manual Loads 0 Difficulty Rogue Special Mode None Game No. 192 Rogue 156 Adventurer 36 Explorer 0 Win Type - Total 14 Types 14/0/0/0/0/0/0/0/0 Lore% 54 Gallery% 61 Achievement% 48 Wizard Run 0 Options --------- ASCII 0 Keyboard 1 Movement Vi Keybinds 0 Fullscreen 1 Font 18/Terminus Map View 76x50 Tactical HUD 1 Map Filters NONE Filters NONE Steam 0 RUN: 0697ff86-fc13-43ed-98a1-21d15b3c9793